 Dungeon Crawl Stone Soup version 0.23-a0-819-g6debee6 (webtiles) character file.

18 Fliddo the Stinger (level 2, -2/19 HPs)
             Began as a Formicid Venom Mage on Jan 22, 2019.
             Slain by a gnoll
             ... wielding a +0 flail
              (17 damage)
             ... on level 1 of the Dungeon.
             The game lasted 00:07:04 (612 turns).

Fliddo the Stinger (Formicid Venom Mage)             Turns: 612, Time: 00:07:05

Health: -2/19      AC:  2    Str: 12    XL:     2   Next: 85%
Magic:  0/5        EV: 12    Int: 14    God:
Gold:   35         SH:  0    Dex: 11    Spells: 5/6 levels left

rFire    . . .     SeeInvis +   f - +0 short sword
rCold    . . .     Gourm    .   (no shield)
rNeg     . . .     Faith    .   a - +0 robe
rPois    .         Spirit   .   (helmet unavailable)
rElec    .         Reflect  .   (no cloak)
rCorr    .         Harm     .   (no gloves)
MR       .....                  (no boots)
Stlth    ++........             (no amulet)
HPRegen  0.06/turn              (no ring)
MPRegen  0.09/turn              (no ring)

@: very slightly contaminated
A: permanent stasis, dig shafts and tunnels, four strong arms, antennae 3,
talons 1, MP-powered wands
a: Dig, Shaft Self


You were on level 1 of the Dungeon.
You were not hungry.

You visited 1 branch of the dungeon, and saw 1 of its levels.

You collected 35 gold pieces.

Inventory:

Hand Weapons
 f - a +0 short sword (weapon)
Armour
 a - a +0 robe (worn)
Scrolls
 e - 2 scrolls of remove curse {unknown}
Potions
 b - a potion of degeneration {unknown}
 d - a potion of berserk rage {unknown}
Comestibles
 c - 2 rations


   Skills:
 - Level 1.8 Dodging
 - Level 2.5 Stealth
 + Level 2.5 Spellcasting
 + Level 1.3 Conjurations
 + Level 4.3 Poison Magic


You had 5 spell levels left.
You knew the following spells:

 Your Spells              Type           Power        Failure   Level  Hunger
a - Sting                 Conj/Pois      #...         7%          1    #......

Your spell library contained the following spells:

 Spells                   Type           Power        Failure   Level  Hunger
 Poisonous Vapours        Pois/Air       #.....       14%         2    ###....
 Mephitic Cloud           Conj/Pois/Air  #.......     30%         3    ###....
 Olgreb's Toxic Radiance  Pois           ##......     36%         4    #####..
 Venom Bolt               Conj/Pois      #.........   88%         5    ######.


Dungeon Overview and Level Annotations

Branches:
Dungeon (1/15)

Altars:


Innate Abilities, Weirdness & Mutations

You cannot be hasted, slowed, berserked, paralysed or teleported.
You can dig through walls and to a lower floor.
Your four strong arms can wield two-handed weapons with a shield.
You have a pair of large antennae on your head. (SInv)
You have sharp toenails.
You expend magic power (3 MP) to strengthen your wands.


Message History

You are momentarily dazzled by a flash of light!
Casting: Sting (safe; 7% risk of failure)
Confirm with . or Enter, or press ? or * to list all spells.
Aiming: Sting (safe; 7% risk of failure)
Press: ? - help, Shift-Dir - straight line, f/p - gnoll
Aim: a gnoll, wielding a +0 flail (heavily wounded)
The sting misses the gnoll.
You hit the gnoll.
The gnoll is severely wounded.
The gnoll hits you with a +0 flail.
Casting: Sting (safe; 7% risk of failure)
Confirm with . or Enter, or press ? or * to list all spells.
Aiming: Sting (safe; 7% risk of failure)
Press: ? - help, Shift-Dir - straight line, f/p - gnoll
Aim: a gnoll, wielding a +0 flail (severely wounded)
The sting hits the gnoll.
The gnoll is poisoned.
The gnoll is severely wounded.
The gnoll hits you with a +0 flail!
Ouch! That really hurt!
You die...

#.##.........######.........
##....#...)......##..########
......#.....#.......##
#......(.....≈≈≈..)....#
###.##.........≈%≈.#####.#
#..............≈≈≈.#
#......#...........# .
#......##.......#.#####....
#....>.###...@g....%.......
#.............#.#######....
#...###########.# . #####
#........ #########


You could see a gnoll.

Vanquished Creatures
  A dart slug (D:1)
  A leopard gecko (D:1)
  A bat (D:1)
  2 giant cockroaches (D:1)
  4 hobgoblins (D:1)
  A ball python (D:1)
  A goblin (D:1)
  2 kobolds (D:1)
  A rat (D:1)
14 creatures vanquished.

Notes
Turn   | Place    | Note
-------+----------+-------------------------------------------
     0 | D:1      | Fliddo the Formicid Venom Mage began the quest for the Orb.
     0 | D:1      | Reached XP level 1. HP: 13/13 MP: 3/3
   102 | D:1      | Reached skill level 1 in Conjurations
   121 | D:1      | Reached XP level 2. HP: 19/19 MP: 0/5
   231 | D:1      | Gained mutation: You expend magic power (3 MP) to
                  | strengthen your wands. [potion of mutation]
   231 | D:1      | Gained mutation: You have sharp toenails. [potion of
                  | mutation]
   612 | D:1      | Slain by a gnoll

Vault maps used:
D:1:      eino_arrival_water_cross, corexii_item_surrounded_by_moat

Skill      XL: |  1 |
---------------+----+-----
Conjurations   | 1 |  1.3
Dodging        | |  1.8
Stealth        | |  2.5
Spellcasting   | |  2.5
Poison Magic   | |  4.3

Action                   || total
-------------------------++-------
Melee: Unarmed           ||    13
       Dagger            ||     8
       Short sword       ||     1
 Cast: Sting             ||    27
 Abil: Dig               ||     2
  Use: Potion            ||     1
Armor: Robe              ||    15
Dodge: Dodged            ||    35

Table legend:
 A = Non-vault XP
 B = Vault XP
 C = Vault XP percentage of total XP
 D = Non-vault monster count
 E = Vault monster count
 F = Vault count percentage of total count
                 A         B        C        D         E       F
            +---------+---------+-------+---------+---------+-------
      Total |      26 |       0 |   0.0 |      14 |       0 |   0.0
            +---------+---------+-------+---------+---------+-------
        D:1 |      26 |       0 |   0.0 |      14 |       0 |   0.0
            +---------+---------+-------+---------+---------+-------
